 Dungeon Crawl Stone Soup version 0.30-a0-381-g6ea064c7b4 (webtiles) character file.

Game seed: 14934719054446692123

8626 Armakuni the Cruncher (level 11, 0/86 HPs)
             Began as a Gnoll Wanderer on Dec 1, 2022.
             Was an Initiate of Gozag.
             Killed from afar by Jorgrun (32 damage)
             ... with an iron shot
             ... on level 2 of the Orcish Mines.
             The game lasted 00:46:45 (12459 turns).

Armakuni the Cruncher (Gnoll Wanderer)             Turns: 12459, Time: 00:46:45

Health: 0/86       AC: 21    Str: 17    XL:     11   Next: 33%
Magic:  20/20      EV:  9    Int: 13    God:    Gozag
Gold:   46         SH:  6    Dex: 16    Spells: 19/22 levels left

rFire   . . .      SeeInvis .    j - +2 scimitar (drain)
rCold   + . .      Faith    .    h - +0 buckler
rNeg    . . .      Spirit   .    G - +1 chain mail "Myrijo" {Stlth+}
rPois   .          Reflect  .    (no helmet)
rElec   .          Harm     .    y - +0 cloak
rCorr   .          Rampage  .    Q - +0 pair of gloves
Will    .....                    B - +2 pair of boots
Stlth   ++........               M - amulet of magic regeneration
HPRegen 0.34/turn                V - +6 ring of strength
MPRegen 0.57/turn                X - ring of Brilliance {rC+ AC+4 Str-3 Int+4 Slay+3}

@: no status effects
A: fangs 1, strong nose, distributed training
a: Renounce Religion, Potion Petition, Call Merchant, Bribe Branch


You were on level 2 of the Orcish Mines.
You worshipped Gozag.
Gozag was noncommittal.
You visited 3 branches of the dungeon, and saw 12 of its levels.
You also visited: Sewer and Ossuary.

You collected 1909 gold pieces.
You spent 1061 gold pieces at shops.
You paid 802 gold pieces to Gozag.

Inventory:

Hand Weapons
 a - a +2 long sword of electrocution
 b - the +4 dagger "Savaxtipp" {venom, rPois}
   (You found it on level 6 of the Dungeon)

   It poisons the flesh of those it strikes.
   rPois:     It protects you from poison.
 j - a +2 scimitar of draining (weapon)
 C - a +2 vorpal scimitar
 J - the +5 Lochaber axe {reach-cleave, poleaxe, Drain}
   (You found it on level 6 of the Dungeon)

   It can be evoked to extend its reach, and strikes at all foes within reach,
   dealing less damage to those not targeted.
   It uses either Axes or Polearms skill, whichever is higher.
   Drain:     It drains your maximum health when unequipped.
 Y - a +5 flail
Missiles
 c - 11 boomerangs (quivered)
 u - 12 poisoned darts
 A - 5 datura-tipped darts
 D - 3 javelins
 O - 2 silver boomerangs
 T - a boomerang of dispersal
Armour
 h - a +0 buckler (worn)
 y - a +0 cloak (worn)
 B - a +2 pair of boots (worn)
 G - the +1 chain mail "Myrijo" (worn) {Stlth+}
   (You found it on level 5 of the Dungeon)

   Stlth:     It makes you more stealthy.
 Q - a +0 pair of gloves (worn)
Jewellery
 E - a +4 ring of evasion
 M - an amulet of magic regeneration (around neck)
 V - a +6 ring of strength (left hand)
 W - a ring of wizardry
 X - the ring of Brilliance (right hand) {rC+ AC+4 Str-3 Int+4 Slay+3}
   (You bought it in a shop on level 9 of the Dungeon)

   [ring of protection]

   AC:        It affects your AC (+4).
   Str:       It affects your strength (-3).
   Int:       It affects your intelligence (+4).
   Slay:      It affects your accuracy & damage with ranged weapons and melee
   (+3).
   rC:        It protects you from cold.
Wands
 k - a wand of digging (8)
 m - a wand of mindburst (3)
Scrolls
 e - 6 scrolls of fear
 l - 6 scrolls of blinking
 n - 2 scrolls of fog
 o - a scroll of enchant weapon
 p - 2 scrolls of noise
 t - a scroll of enchant armour
 x - 6 scrolls of teleportation
 F - a scroll of amnesia
 I - 2 scrolls of vulnerability
 P - a scroll of magic mapping
 U - a scroll of immolation
Potions
 d - a potion of brilliance {unknown}
 f - 3 potions of lignification
 g - 4 potions of flight
 i - 4 potions of mutation
 q - 2 potions of might
 r - 2 potions of attraction {unknown}
 s - 9 potions of curing
 v - 2 potions of berserk rage {unknown}
 w - 5 potions of heal wounds {unknown}
 z - 3 potions of degeneration {unknown}
 H - a potion of haste {unknown}
 L - a potion of invisibility {unknown}
 R - a potion of ambrosia {unknown}


   Skills:
 + Level 8.0 Fighting
 + Level 6.4 Short Blades
 + Level 6.4 Long Blades
 + Level 8.0 Axes
 + Level 6.4 Maces & Flails
 + Level 6.4 Polearms
 + Level 9.3 Staves
 + Level 6.4 Ranged Weapons
 + Level 8.0 Throwing
 + Level 6.4 Armour
 + Level 6.4 Dodging
 + Level 6.9 Stealth
 + Level 6.4 Shields
 + Level 6.4 Unarmed Combat
 + Level 6.4 Spellcasting
 + Level 5.3 Conjurations
 + Level 5.3 Hexes
 + Level 5.3 Summonings
 + Level 5.3 Necromancy
 + Level 5.3 Translocations
 + Level 5.3 Transmutations
 + Level 5.3 Fire Magic
 + Level 5.3 Ice Magic
 + Level 5.3 Air Magic
 + Level 5.3 Earth Magic
 + Level 5.3 Poison Magic
 + Level 7.0 Invocations
 + Level 6.4 Evocations


You had 19 spell levels left.
You knew the following spells:

 Your Spells              Type           Power      Damage    Failure   Level
s - Slow                  Hex            72%        N/A       28%         1
w - Wereblood             Tmut           18%        N/A       38%         2

Your spell library contained the following spells:

 Spells                   Type           Power      Damage    Failure   Level
 Magic Dart               Conj           72%        1d6       28%         1
 Call Imp                 Summ           18%        N/A       38%         2
 Sublimation of Blood     Necr           18%        N/A       38%         2
 Confusing Touch          Hex            18%        N/A       63%         3
 Ignite Poison            Fire/Tmut/Pois 18%        N/A       63%         3
 Mephitic Cloud           Conj/Pois/Air  18%        N/A       63%         3
 Vampiric Draining        Necr           18%        2d7       63%         3
 Vhi's Electric Charge    Tloc/Air       36%        N/A       63%         3
 Olgreb's Toxic Radiance  Pois           18%        N/A       95%         4
 Sticky Flame             Conj/Fire      18%        2d4       95%         4
 Arcjolt                  Conj/Air       9%         1d19      100%        5
 Blade Hands              Tmut           9%         N/A       100%        5
 Irradiate                Conj/Tmut      9%         3d14      100%        5
 Dragon Form              Tmut           9%         N/A       100%        7
 Ozocubu's Refrigeration  Ice            9%         4d9       100%        7
 Summon Hydra             Summ           9%         N/A       100%        7
 Ignition                 Fire           9%         3d5       100%        8
 Maxwell's Capacitive Co  Air            9%         ∞         100%        8


Dungeon Overview and Level Annotations

Branches:
Dungeon (9/15)             Temple (1/1) D:7             Orc (2/2) D:9
    Elf (0/3) Orc:2         Sewer (visited)         Ossuary (visited)
   Lair: D:8-11

Altars:
Ashenzari
Cheibriados
Dithmenos
Elyvilon
Fedhas
Gozag
Hepliaklqana
Kikubaaqudgha
Makhleb
Nemelex Xobeh
Okawaru
Ru
Trog
Uskayaw
Vehumet
Wu Jian
Xom
Yredelemnul
Zin
The Shining One

Shops:
D:8 ?   D:9 =

Annotations:
D:6 1 runed translucent door, exclusion: door, dweek's ghost, novice TrGl
Orc:2 Jorgrun


Innate Abilities, Weirdness & Mutations

You have very sharp teeth.
Your uncanny sense of smell can sniff out nearby items.
Your experience applies equally to all skills.


Message History

Unknown command.
Your orc wizard casts a spell.
Your orc wizard flickers and vanishes for a moment.
Your orc closely misses Jorgrun.
Your orc barely misses Jorgrun.
Unknown command.
Unknown command.
You barely miss Jorgrun.
Jorgrun is no longer distracted by gold.
You bite Jorgrun, but do no damage.
Jorgrun is moderately wounded.
Your orc completely misses Jorgrun.
Your troll closely misses Jorgrun.
Your troll claws Jorgrun!
Your troll closely misses Jorgrun.
Your orc sorcerer hits Jorgrun with a +0 dagger.
Your orc hits Jorgrun with a +0 club. Jorgrun hits you but does no damage.
The orc sorcerer casts a spell at you. The bolt of fire misses your orc.
The bolt of fire hits you!
Your orc hits Jorgrun with a +0 club.
Your orc sorcerer hits Jorgrun with a +0 dagger.
Your orc misses Jorgrun.
Your troll bites Jorgrun!
Your troll claws Jorgrun.
Your troll closely misses Jorgrun.
Unknown command.
You hit Jorgrun. You bite Jorgrun.
Jorgrun is severely wounded.
Jorgrun hits you but does no damage.
The orc sorcerer points at you and mumbles some strange words.
The bolt of fire hits your orc!
Your orc dies!
Your orc's corpse dissolves into shadows!
The bolt of fire hits you!!!
Your orc sorcerer hits Jorgrun with a +0 dagger.
Your orc misses Jorgrun.
Your troll bites Jorgrun!
Your troll completely misses Jorgrun.
Your troll claws Jorgrun!
Unknown command.
Unknown command.
You closely miss Jorgrun.
Jorgrun is almost dead.
Jorgrun gestures at you while chanting. The iron shot hits you!!
You die...
Your body crumbles into a pile of gold.

...###
.......##
........###
........#.## $
...........#
...........#
#.........#
#.....<..#..#
##..T@o.$....#
#....goo......
$
#.....o......#
#...........##
#...........##
....o....#####
........#.
..........


You could see Jorgrun (ally target), an orc sorcerer, a friendly troll
(summoned), a friendly orc sorcerer (summoned), 2 friendly orc wizards and a
friendly orc (summoned).

Vanquished Creatures
  An ettin (Orc:1)
  Fannar (Orc:1)
  Erolcha (D:9)
  A two-headed ogre (D:8)
  An orc knight (Orc:1)
  Maurice (D:9)
  A troll (Orc:2)
  A warg (D:9)
  A sky beast (D:8)
  14 orc warriors
  A black bear (D:7)
  3 ogres
  7 centaurs
  2 phantoms
  A kobold brigand (D:9)
  5 bullfrogs
  8 necrophages
  2 gnoll sergeants (D:8)
  2 scorpions
  5 wights (D:9)
  A howler monkey (D:6)
  6 hounds
  2 jellies
  6 orc priests
  2 gnoll boudas (D:8)
  5 iguanas
  Natasha (thrice) (D:4)
  7 orc wizards
  12 mummies (Ossuary)
  A howler monkey zombie (D:8)
  10 gnolls (D:8)
  2 river rats (D:3)
  5 adders
  3 shadow imps
  A white imp (D:7)
  An ufetubus (D:6)
  2 worms (D:2)
  3 dart slugs
  38 orcs
  13 ball pythons
  7 endoplasms
  10 giant cockroaches
  4 goblins
  6 hobgoblins
  4 jackals
  4 quokkas
  7 bats
  9 frilled lizards
  A gnoll skeleton (Ossuary)
  2 goblin skeletons (Ossuary)
  12 kobolds
  5 kobold skeletons (Ossuary)
  4 rats
  11 rat skeletons (Ossuary)
  A bush (D:8)
269 creatures vanquished.

Vanquished Creatures (others)
  A bush (D:8)
  A fungus (Orc:2)
  7 plants (D:8)
9 creatures vanquished.

Grand Total: 278 creatures vanquished

Notes
Turn   | Place    | Note
-------+----------+-------------------------------------------
     0 | D:1      | Armakuni the Gnoll Wanderer began the quest for the Orb.
     0 | D:1      | Armakuni set off with the following items: a +2
                  | quarterstaff, a +0 hand axe, 7 boomerangs, a +0 dagger, a
                  | scroll of fear, a +0 robe.
     0 | D:1      | Reached XP level 1. HP: 20/20 MP: 1/1
   269 | D:1      | Reached XP level 2. HP: 20/26 MP: 2/2
   616 | D:1      | Reached XP level 3. HP: 30/31 MP: 3/3
   985 | D:2      | Reached skill level 1 in Invocations
  1051 | D:2      | Reached skill level 1 in Short Blades
  1051 | D:2      | Reached skill level 1 in Long Blades
  1051 | D:2      | Reached skill level 1 in Maces & Flails
  1051 | D:2      | Reached skill level 1 in Polearms
  1051 | D:2      | Reached skill level 1 in Ranged Weapons
  1051 | D:2      | Reached skill level 1 in Armour
  1051 | D:2      | Reached skill level 1 in Dodging
  1051 | D:2      | Reached skill level 1 in Shields
  1051 | D:2      | Reached skill level 1 in Unarmed Combat
  1051 | D:2      | Reached skill level 1 in Spellcasting
  1051 | D:2      | Reached skill level 1 in Evocations
  1166 | D:2      | Identified the +1 leather armour of the Orcish Mines
                  | {Stlth+}
  1281 | D:2      | Learned a level 1 spell: Slow
  1340 | D:2      | Reached XP level 4. HP: 36/38 MP: 5/5
  1897 | D:3      | Found a glowing drain.
  1908 | D:3      | Reached skill level 1 in Conjurations
  1908 | D:3      | Reached skill level 1 in Hexes
  1908 | D:3      | Reached skill level 1 in Summonings
  1908 | D:3      | Reached skill level 1 in Necromancy
  1908 | D:3      | Reached skill level 1 in Translocations
  1908 | D:3      | Reached skill level 1 in Transmutations
  1908 | D:3      | Reached skill level 1 in Fire Magic
  1908 | D:3      | Reached skill level 1 in Ice Magic
  1908 | D:3      | Reached skill level 1 in Air Magic
  1908 | D:3      | Reached skill level 1 in Earth Magic
  1908 | D:3      | Reached skill level 1 in Poison Magic
  1934 | Sewer    | Entered a sewer
  2172 | Sewer    | Reached XP level 5. HP: 42/43 MP: 7/7
  2384 | Sewer    | Reached skill level 5 in Fighting
  2384 | Sewer    | Reached skill level 5 in Axes
  2384 | Sewer    | Reached skill level 5 in Throwing
  2384 | Sewer    | Reached XP level 6. HP: 48/51 MP: 8/8
  2689 | D:3      | You fall into a shaft and drop 2 floors!
  2689 | D:5      | Entered Level 5 of the Dungeon
  2865 | D:4      | Found a radiant altar of Vehumet.
  2886 | D:4      | Learned a level 2 spell: Wereblood
  2928 | D:4      | Found an ornate altar of the Wu Jian Council.
  3025 | D:3      | Found a hide-covered altar of Uskayaw.
  3728 | D:4      | Found a sparkling altar of Nemelex Xobeh.
  3730 | D:4      | Found a sacrificial altar of Ru.
  3811 | D:4      | Noticed Natasha
  3813 | D:4      | Killed Natasha
  3814 | D:4      | Reached skill level 7 in Staves
  3814 | D:4      | Reached XP level 7. HP: 56/56 MP: 10/10
  3877 | D:4      | Noticed Natasha
  3881 | D:4      | Killed Natasha
  3891 | D:4      | Found a basalt altar of Yredelemnul.
  4017 | D:4      | Noticed Natasha
  4022 | D:4      | Killed Natasha
  4032 | D:4      | Found an iron altar of Okawaru.
  4074 | D:4      | Found a shadowy altar of Dithmenos.
  4258 | D:5      | Found a bloodstained altar of Trog.
  4853 | D:5      | Identified the +1 chain mail "Myrijo" {Stlth+}
  5028 | D:5      | Reached XP level 8. HP: 63/63 MP: 12/12
  5255 | D:6      | Found a broken altar of Ashenzari.
  5357 | D:6      | Found a runed translucent door.
  5361 | D:6      | Found a shimmering altar of Xom.
  5361 | D:6      | Noticed dweek's ghost (novice TrGl)
  5361 | D:6      | Noticed a +0 mace of chaos
  5422 | D:6      | Found a sand-covered staircase.
  5431 | Ossuary  | Entered an ossuary
  6150 | D:6      | Identified the +4 dagger "Savaxtipp" {venom, rPois}
  6328 | D:6      | Found a burning altar of Makhleb.
  6341 | D:6      | Found the +5 Lochaber axe {reach-cleave, poleaxe, Drain}
  6446 | D:6      | Identified the +1 plate armour "Juerotie" {Rampage rN+
                  | Dex+2}
  7403 | D:7      | Found a staircase to the Ecumenical Temple.
  7535 | D:7      | Reached XP level 9. HP: 53/69 MP: 14/14
  7593 | Temple   | Entered the Ecumenical Temple
  7601 | Temple   | Became a worshipper of Gozag Ym Sagoz the Greedy
  8439 | D:8      | Reached skill level 5 in Stealth
  8539 | D:8      | Reached skill level 8 in Staves
  8601 | D:8      | Reached skill level 5 in Invocations
  8703 | D:8      | Found a hazy altar of Hepliaklqana.
  8738 | D:8      | Found a blossoming altar of Fedhas.
  8938 | D:8      | Noticed a two-headed ogre
  8945 | D:8      | Killed a two-headed ogre
  9190 | D:8      | Found Urosy's Magic Scroll Emporium.
  9201 | D:8      | Bought a scroll of blinking for 97 gold pieces
  9201 | D:8      | Bought a scroll of blinking for 97 gold pieces
  9204 | D:8      | Bought a scroll of identify for 26 gold pieces
  9303 | D:8      | Reached skill level 5 in Short Blades
  9303 | D:8      | Reached skill level 5 in Long Blades
  9303 | D:8      | Reached skill level 5 in Maces & Flails
  9303 | D:8      | Reached skill level 5 in Polearms
  9303 | D:8      | Reached skill level 5 in Ranged Weapons
  9303 | D:8      | Reached skill level 5 in Armour
  9303 | D:8      | Reached skill level 5 in Dodging
  9303 | D:8      | Reached skill level 5 in Shields
  9303 | D:8      | Reached skill level 5 in Unarmed Combat
  9303 | D:8      | Reached skill level 5 in Spellcasting
  9303 | D:8      | Reached skill level 5 in Evocations
  9303 | D:8      | Reached XP level 10. HP: 74/75 MP: 17/17
  9609 | D:9      | Found a staircase to the Orcish Mines.
  9775 | D:9      | Noticed Maurice
  9798 | D:9      | Killed Maurice
 10062 | D:9      | Noticed Erolcha
 10073 | D:9      | Killed Erolcha
 10654 | D:9      | Found a shimmering altar of Xom.
 10890 | Orc:1    | Entered Level 1 of the Orcish Mines
 11244 | Orc:1    | Noticed an orc knight
 11278 | Orc:1    | Killed an orc knight
 11279 | Orc:1    | Reached skill level 9 in Staves
 11283 | D:9      | Reached skill level 5 in Conjurations
 11283 | D:9      | Reached skill level 5 in Hexes
 11283 | D:9      | Reached skill level 5 in Summonings
 11283 | D:9      | Reached skill level 5 in Necromancy
 11283 | D:9      | Reached skill level 5 in Translocations
 11283 | D:9      | Reached skill level 5 in Transmutations
 11283 | D:9      | Reached skill level 5 in Fire Magic
 11283 | D:9      | Reached skill level 5 in Ice Magic
 11283 | D:9      | Reached skill level 5 in Air Magic
 11283 | D:9      | Reached skill level 5 in Earth Magic
 11283 | D:9      | Reached skill level 5 in Poison Magic
 11509 | Orc:1    | Reached XP level 11. HP: 64/85 MP: 20/20
 11701 | Orc:1    | Noticed an ettin
 11710 | Orc:1    | Noticed Fannar
 11711 | Orc:1    | Killed an ettin
 11742 | Orc:1    | Killed Fannar
 12056 | Orc:2    | Entered Level 2 of the Orcish Mines
 12056 | Orc:2    | Found a staircase to the Elven Halls.
 12124 | D:9      | Bought the ring of Brilliance {rC+ AC+4 Str-3 Int+4 Slay+3}
                  | for 841 gold pieces
 12427 | Orc:2    | Noticed Jorgrun
 12440 | Orc:2    | Noticed an orc sorcerer
 12459 | Orc:2    | Killed from afar by Jorgrun

Illustrated notes

Levels and vault maps discovered:
D:1:      lemuel_arrival_lava_pool, layout_basic, moated_statue
D:2:      layout_loops_ring, kennysheep_small_spiral, hangedman_feature_mirror,
          minmay_pentomino_p2
D:3:      layout_basic, lemuel_doored_altar, portal_sewer_entry_a
D:4:      layout_cave_pools, nicolae_vehumet_radiance,
          mainiacjoe_overflow_six_doors_small,
          nicolae_ru_great_annihilating_truth, nicolae_overflow_hidden_temple,
          yredelemnul_altar_generic, general_overflow_altar,
          kennysheep_mini_moat, serial_column_ruins, column_ruins_hut,
          column_ruins_grid_1, column_ruins_open_tiny,
          column_ruins_corridor_straight, column_ruins_grid_1,
          column_ruins_corridor_T, uniq_natasha
D:5:      layout_basic, mainiacjoe_overflow_brackets, nrook_campfire,
          minivault_5
D:6:      layout_gridville, lemuel_round_altar, mainiacjoe_overflow_catwalk,
          nicolae_ossuary_entry_monument, ebering_ghost_xom
D:7:      layout_layer_cave, temple_doors_e
D:8:      layout_cave_pools, mainiacjoe_overflow_alcove_2,
          fedhas_altar_decomposition, serial_gnoll_camp, gnoll_camp_mini_basic,
          gnoll_camp_medium_01, gnoll_camp_mini_shop, gnoll_camp_mini_hut,
          nicolae_benzene_ring, minmay_misc_feat_doors
D:9:      layout_layer_cave, mainiacjoe_overflow_alcove_1, david_orc_5,
          kennysheep_dice, uniq_erolcha, uniq_maurice
Temple:   nicolae_temple_ecumenical_triangle
Orc:1:    layout_diamond_mine, uniq_fannar
Orc:2:    grunt_orc_gardens, layout_diamond_mine, grunt_orc_garden,
          grunt_orc_garden, grunt_orc_garden, grunt_orc_garden, serial_shops,
          shop, uniq_jorgrun, uniq_azrael

Skill      XL: |  1  2  3  4  5  6  7  8  9 10 11 |
---------------+----------------------------------+-----
Invocations    | 1 2 3 4 5 6 7 |  7.0
Short Blades   | 1 2 3 5 6 |  6.4
Long Blades    | 1 2 3 5 6 |  6.4
Maces & Flails | 1 2 3 5 6 |  6.4
Polearms       | 1 2 3 5 6 |  6.4
Ranged Weapons | 1 2 3 5 6 |  6.4
Armour         | 1 2 3 5 6 |  6.4
Dodging        | 1 2 3 5 6 |  6.4
Shields        | 1 2 3 5 6 |  6.4
Unarmed Combat | 1 2 3 5 6 |  6.4
Spellcasting   | 1 2 3 5 6 |  6.4
Evocations     | 1 2 3 5 6 |  6.4
Conjurations   | 1 2 3 4 5 |  5.3
Hexes          | 1 2 3 4 5 |  5.3
Summonings     | 1 2 3 4 5 |  5.3
Necromancy     | 1 2 3 4 5 |  5.3
Translocations | 1 2 3 4 5 |  5.3
Transmutations | 1 2 3 4 5 |  5.3
Fire Magic     | 1 2 3 4 5 |  5.3
Ice Magic      | 1 2 3 4 5 |  5.3
Air Magic      | 1 2 3 4 5 |  5.3
Earth Magic    | 1 2 3 4 5 |  5.3
Poison Magic   | 1 2 3 4 5 |  5.3
Fighting       | 5 6 7 8 |  8.0
Axes           | 5 6 7 8 |  8.0
Throwing       | 5 6 7 8 |  8.0
Stealth        | 3 4 5 6 |  6.9
Staves         | 7 8 9 |  9.3

Action                   |  1- 3 |  4- 6 |  7- 9 | 10-12 || total
-------------------------+-------+-------+-------+-------++-------
Melee: Quarterstaff      |    83 |   145 |    52 |       ||   280
       Bite              |    10 |     9 |    35 |    43 ||    97
       Scimitar          |       |       |   265 |   198 ||   463
       Hand axe          |       |       |    35 |       ||    35
       Punch             |       |       |    14 |     1 ||    15
       Long sword        |       |       |       |    22 ||    22
Throw: Dart              |       |     4 |     7 |       ||    11
       Boomerang         |       |     8 |    30 |    47 ||    85
       Throwing net      |       |       |       |     7 ||     7
       Javelin           |       |       |       |     2 ||     2
 Cast: Slow              |     1 |       |       |       ||     1
Invok: Call Merchant     |       |       |       |     1 ||     1
Evoke: Wand              |       |       |     2 |    11 ||    13
  Use: Scroll            |     6 |     2 |     8 |     3 ||    19
       Potion            |       |       |       |     1 ||     1
 Stab: Sleeping          |     4 |     5 |     3 |       ||    12
       Paralysed         |       |     3 |       |       ||     3
       Invisible         |       |     1 |       |       ||     1
       Distracted        |       |       |     1 |     1 ||     2
       Held in net/web   |       |       |       |     6 ||     6
Armor: Robe              |    10 |       |       |       ||    10
       Scale mail        |     7 |     8 |     9 |       ||    24
       Leather armour    |     1 |    29 |       |       ||    30
       Ring mail         |       |       |    34 |       ||    34
       Plate armour      |       |       |    71 |   102 ||   173
       Chain mail        |       |       |       |     3 ||     3
Dodge: Dodged            |    33 |   104 |   226 |   149 ||   512

Table legend: (Time is in decaauts)
 A = Elapsed time spent in this place.
 B = Non-inter-level travel time spent in this place.
 C = Inter-level travel time spent in this place.
 D = Time resting spent in this place.
 E = Time spent auto-exploring this place.
 F = Levels seen in this place.
 G = Mean time per level.
                   A        B        C        D        E       F      G
               +--------+--------+--------+--------+--------+-----+--------+
         Total |  12651 |  11921 |    730 |    990 |   7353 |  14 |  903.6 |
       Dungeon |  10120 |   9454 |    666 |    773 |   6010 |   9 | 1124.4 |
        Temple |     50 |     50 |      0 |      0 |     32 |   1 |   50.0 |
  Orcish Mines |   1081 |   1018 |     63 |    113 |    503 |   2 |  540.5 |
         Sewer |    853 |    853 |      0 |    104 |    420 |   1 |  853.0 |
       Ossuary |    545 |    545 |      0 |      0 |    388 |   1 |  545.0 |
               +--------+--------+--------+--------+--------+-----+--------+

Top non-repeatable levels by time:
     D:9: 1778 daAuts
     D:7: 1361 daAuts
     D:5: 1242 daAuts
     D:8: 1198 daAuts
     D:6: 1190 daAuts
   Orc:1: 1038 daAuts
     D:1: 969 daAuts
     D:3: 961 daAuts
   Sewer: 853 daAuts
     D:2: 797 daAuts
     D:4: 621 daAuts
 Ossuary: 545 daAuts
  Temple: 50 daAuts
   Orc:2: 43 daAuts
